 Dungeon Sprint DCSS version 0.31-a0-115-g4708a659fe (webtiles) character file.

Game seed: 3440134795574698488

25393 Conn the Scorcher (level 13, -1/71 HPs)
             Began as an Octopode Fire Elementalist on May 29, 2023.
             Was an Elder of Sif Muna.
             Killed from afar by Lom Lobon (61 damage)
             ... with a great icy blast
             ... in the Dungeon (Sprint I: "Red Sonja").
             The game lasted 01:07:01 (5394 turns).

Conn the Scorcher (Octopode Fire Elementalist)      Turns: 5394, Time: 01:07:03

Health: -1/71      AC:  7    Str: 14    XL:     13   Next: 19%
Magic:  21/43      EV: 30    Int: 22    God:    Sif Muna [****..]
Gold:   468        SH:  7    Dex: 13    Spells: 6/46 levels left

rFire   + + .        m - +12 mace "Rifakh" {flame, +Blink rF+ rCorr}
rCold   x . .        o - +1 buckler
rNeg    + . .        u - +2 hat
rPois   +            r - amulet of the acrobat
rElec   .            l - ring of poison resistance
rCorr   +            n - ring of wizardry
SInv    .            t - ring of magical power
Will    .....        w - ring of fire
Stlth   ++++         y - +4 ring of protection
HPRegen 0.31/turn    A - ring "Ziululus" {rN+ Str+7}
MPRegen 0.28/turn    (no ring)
                     (no ring)

%: no teleportation, acrobat, wizardry (x1)
@: calling dragons, acrobatic
A: almost no armour, amphibious, 8 rings, camouflage 1, gelatinous body 1,
(nimble swimmer 1), tentacles
a: Renounce Religion, Evoke Blink, Channel Magic, Forget Spell, Divine Exegesis


You were in the Dungeon.
You worshipped Sif Muna.
Sif Muna was greatly pleased with you.
You visited 1 branch You collected 3117 gold pieces.
You spent 2649 gold pieces at shops.

Inventory:

Hand Weapons
 m - the +12 mace "Rifakh" (weapon) {flame, +Blink rF+ rCorr}
   (You bought it in a shop in the Dungeon)

   rF:        It protects you from fire.
   +Blink:    It lets you blink.
   rCorr:     It protects you from acid and corrosion.
 v - the +8 scimitar of Gloom {holy, Str+3 Int+4 Stlth+}
   (You bought it in a shop in the Dungeon)

   Str:       It affects your strength (+3).
   Int:       It affects your intelligence (+4).
   Stlth:     It makes you more stealthy.
Missiles
 i - 2 curare-tipped darts (quivered)
Armour
 o - a +1 buckler (worn)
 u - a +2 hat (worn)
Jewellery
 l - a ring of poison resistance (left tentacle)
 n - a ring of wizardry (right tentacle)
 r - an amulet of the acrobat (around mantle)
 t - a ring of magical power (on tentacle)
 w - a ring of fire (on tentacle)
 y - a +4 ring of protection (on tentacle)
 A - the ring "Ziululus" (on tentacle) {rN+ Str+7}
   (You found it in the Dungeon)

   [ring of positive energy]

   Str:       It affects your strength (+7).
   rN:        It protects you from negative energy.
Wands
 e - a wand of flame (14)
 z - a wand of mindburst (14)
Scrolls
 d - 2 scrolls of identify
 g - a scroll of silence {unknown}
 h - 2 scrolls of fear
 q - a scroll of immolation
 s - a scroll of butterflies
Potions
 a - 3 potions of magic
 b - 3 potions of curing
 c - 4 potions of heal wounds
 j - a potion of cancellation {unknown}
 k - a potion of resistance
 p - a potion of mutation
 x - 2 potions of haste


   Skills:
 + Level 0.1 Fighting
 + Level 0.1 Maces & Flails
 + Level 1.7 Throwing
 + Level 5.9 Dodging
 - Level 4.6 Stealth
 * Level 8.7 Shields
 - Level 0.3 Unarmed Combat
 + Level 17.0 Spellcasting
 * Level 10.6 Conjurations
 - Level 1.6 Hexes
 * Level 10.4 Summonings
 + Level 3.2 Transmutations
 + Level 17.5 Fire Magic
 + Level 3.0 Air Magic
 * Level 13.0 Invocations
 * Level 9.5 Evocations


You had 6 spell levels left.
You knew the following spells:

 Your Spells              Type           Power      Damage    Failure   Level
a - Foxfire               Conj/Fire      100%       2x1d9     0%          1
b - Scorch                Fire           100%       2d9       0%          2
c - Starburst             Conj/Fire      44%        6d12      1%          6
d - Flame Wave            Conj/Fire      88%        2d19      1%          4
e - Summon Guardian Gole  Hex/Summ       45%        N/A       1%          3
g - Hailstorm             Conj/Ice       42%        3d10      1%          3
h - Fireball              Conj/Fire      44%        3d18      1%          5
i - Arcjolt               Conj/Air       24%        1d34      2%          5
j - Irradiate             Conj/Tmut      24%        3d19      2%          5
k - Summon Cactus Giant   Summ           29%        N/A       3%          6

Your spell library contained the following spells:

 Spells                   Type           Power      Damage    Failure   Level
 Summon Small Mammal      Summ           100%       N/A       1%          1
 Call Imp                 Summ           100%       N/A       1%          2
 Ensorcelled Hibernation  Hex/Ice        44%        N/A       1%          2
 Momentum Strike          Conj/Tloc      84%        3d10      1%          2
 Searing Ray              Conj           100%       2d8       1%          2
 Static Discharge         Conj/Air       96%        2-6/arc   1%          2
 Call Canine Familiar     Summ           59%        N/A       1%          3
 Dazzling Flash           Conj/Hex       90%        N/A       1%          3
 Inner Flame              Hex/Fire       75%        N/A       1%          3
 Swiftness                Air            32%        N/A       1%          3
 Volatile Blastmotes      Fire/Tloc      100%       2d18      1%          3
 Fulminant Prism          Conj/Hex       22%        3d12      1%          4
 Sticky Flame             Conj/Fire      88%        2d10      1%          4
 Sublimation of Blood     Necr           18%        N/A       2%          2
 Summon Mana Viper        Hex/Summ       45%        N/A       3%          5
 Vampiric Draining        Necr           18%        2d7       4%          3
 Airstrike                Air            16%        2d(3-19)  4%          4
 Summon Forest            Summ/Tloc      20%        N/A       4%          5
 Petrify                  Tmut/Erth      25%        N/A       8%          4
 Borgnjor's Vile Clutch   Necr/Erth      9%         N/A       36%         5
 Statue Form              Tmut/Erth      16%        N/A       71%         6
 Simulacrum               Ice/Necr       9%         N/A       89%         6
 Ignition                 Fire           48%        3d14      7%          8
 Summon Hydra             Summ           29%        N/A       16%         7
 Summon Horrible Things   Summ           29%        N/A       75%         8
 Haunt                    Necr/Summ      20%        N/A       78%         7
 Malign Gateway           Summ/Tloc      20%        N/A       78%         7
 Fire Storm               Conj/Fire      44%        8d11      98%         9
 Borgnjor's Revivificati  Necr           9%         N/A       100%        8
 Chain Lightning          Conj/Air       24%        3d32      100%        9
 Dragon's Call            Summ           29%        N/A       100%        9


Dungeon Overview and Level Annotations

Branches:
Dungeon (1/1)

Altars:
Cheibriados
Dithmenos
Elyvilon
Fedhas
Gozag
Hepliaklqana
Kikubaaqudgha
Makhleb
Nemelex Xobeh
Okawaru
Qazlal
Ru
Sif Muna
Trog
Uskayaw
Vehumet
Wu Jian
Xom
Yredelemnul
Zin
The Shining One
Jiyva
Lugonu

Shops:
D :=(?=[[!?!*=(*:*=*?[?

Annotations:
D Lom Lobon, Tiamat


Innate Abilities, Weirdness & Mutations

You cannot wear most types of armour.
You are amphibious.
You can wear up to eight rings at the same time.
Your skin changes colour to match your surroundings (Stealth+).
Your rubbery body absorbs attacks. (AC +1, EV +1)
((You are camouflaged when in or above water. (Stealth+)))
You have tentacles for arms and can constrict up to eight enemies at once.


Message History

Your Spellcasting skill increases to level 17!
Your Invocations skill increases to level 13!
The golden dragon barely misses you. The golden dragon claws you!
The golden dragon closely misses you. Lom Lobon hits your golden dragon!
Your fire vortex closely misses Lom Lobon.
Your storm dragon bites the golden dragon!
Your storm dragon claws the golden dragon.
Your storm dragon tramples the golden dragon.
The golden dragon holds its ground!
Your golden dragon bites Lom Lobon!!
Your golden dragon claws Lom Lobon!
Your golden dragon tramples Lom Lobon but does no damage.
Your cactus giant hits the golden dragon with a +0 giant spiked club!
Your guardian golem overheats!
Your shadow dragon is engulfed in blazing flames.
Your guardian golem disappears in a puff of smoke!
Your guardian golem explodes!
The golden dragon attacks as you move away!
You block the golden dragon's attack.
The golden dragon completely misses you.
The golden dragon tramples you. A dragon arrives to answer your call!
Lom Lobon gestures at you.
Lom Lobon conjures a mighty blast of ice!
The great icy blast engulfs your golden dragon!!!
Your golden dragon partially resists.
Your golden dragon is flash-frozen.
The great icy blast engulfs your fire vortex!!!!
Your fire vortex is frozen!
Your fire vortex dissipates!
The great icy blast engulfs your storm dragon!!!
Your storm dragon partially resists.
Your storm dragon is flash-frozen.
The great icy blast engulfs your shadow dragon!!!
Your shadow dragon partially resists.
Your shadow dragon is flash-frozen.
The great icy blast engulfs the golden dragon!!!
The golden dragon partially resists.
The golden dragon is frozen into a solid block of ice!
The golden dragon dies!
The great icy blast engulfs your cactus giant!!!
Your cactus giant is flash-frozen.
The great icy blast engulfs you!!!
You feel a painful chill!
Ouch! That really hurt!
You die...

#..###.#.D≈###'##
##.#)#.#.C≈))#°####§
#..###.#..≈.##D#§§○§
#.##...#.CD##&.§v○☼§
#..#'###..≈#§D8°☼○○§§
##.C.#.≈..##§D°○§v§..
###.#.≈..#§D8§§§§§§.
#D###..#§§C§§§§...
#)#.'..##§@.......
####§#.##&##.......$.
###..D.#.#§~C##.$..$.$.
##D..####
#§§§§##[.?)./# ...###
#~~9~~######## ####
##~~~~#~&~~~
#'~&~'~~.~~
#..§##~~#~~~~~ #...
######'##


You could see Lom Lobon (gusty, ally target), 2 friendly shadow dragons, a
friendly golden dragon (summoned, frozen, catching breath), a friendly storm
dragon (summoned, frozen), a friendly cactus giant (summoned, frozen) and 2
friendly fire vortices.

Vanquished Creatures
  A daeva (D)
  A deep elf annihilator (D)
  A mummy priest (D)
  A hydra (D)
  A centaur warrior (D)
  Sonja (D)
  A deep troll (D)
  7 shining eyes (D)
  2 oklob plants (D)
  3 demonic crawlers (D)
  2 merfolk sirens (D)
  A gargoyle (D)
  7 unseen horrors (D)
  2 kobold demonologists (D)
  A hellwing (D)
  2 hornets (D)
  Sigmund (D)
  A slime creature (D)
  A yak (D)
  13 hogs (D)
  2 redbacks (D)
  5 floating eyes (D)
  An ogre (D)
  7 necrophages (D)
  8 jellies (D)
  Ijyb (D)
  2 ballistomycete spores (D)
76 creatures vanquished.

Vanquished Creatures (collateral kills)
  the Lernaean hydra (D)
  A shadow dragon (D)
  4 fire giants (D)
  2 floating eyes (D)
8 creatures vanquished.

Vanquished Creatures (others)
  A golden dragon (D)
  A centaur warrior (D)
  A lindwurm (D)
  A shining eye (D)
  A gargoyle (D)
  A demonic crawler (D)
  3 hornets (D)
  A fire vortex (D)
  92 foxfires (D)
102 creatures vanquished.

Grand Total: 186 creatures vanquished

Notes
Turn   | Place    | Note
-------+----------+-------------------------------------------
     0 | D        | Conn the Octopode Fire Elementalist began the quest for the
                  | Orb.
     0 | D        | Reached XP level 1. HP: 11/11 MP: 3/3
     1 | D        | Noticed Ijyb
    14 | D        | Killed Ijyb
    15 | D        | Reached skill level 5 in Fire Magic
    15 | D        | Reached XP level 2. HP: 6/17 MP: 0/6
    15 | D        | Reached XP level 3. HP: 7/21 MP: 0/7
    75 | D        | Learned a level 2 spell: Scorch
    79 | D        | Learned a level 3 spell: Inner Flame
    84 | D        | Noticed an ogre
   100 | D        | Killed an ogre
   101 | D        | Reached XP level 4. HP: 27/27 MP: 0/10
   186 | D        | Learned a level 4 spell: Flame Wave
   201 | D        | Noticed Sigmund
   204 | D        | Killed Sigmund
   205 | D        | Reached skill level 5 in Spellcasting
   205 | D        | Reached XP level 5. HP: 31/31 MP: 2/13
   205 | D        | Reached XP level 6. HP: 36/36 MP: 2/14
   297 | D        | Found an ornate altar of the Wu Jian Council.
   297 | D        | Found a shimmering blue altar of Sif Muna.
   299 | D        | Found a radiant altar of Vehumet.
   303 | D        | Became a worshipper of Sif Muna the Loreminder
   339 | D        | Found Risif's Magic Scroll Emporium.
   339 | D        | Found an ancient bone altar of Kikubaaqudgha.
   339 | D        | Found a hazy altar of Hepliaklqana.
   339 | D        | Found a stormy altar of Qazlal.
   339 | D        | Found a hide-covered altar of Uskayaw.
   339 | D        | Found a blossoming altar of Fedhas.
   339 | D        | Found a bloodstained altar of Trog.
   339 | D        | Found an iron altar of Okawaru.
   339 | D        | Found a basalt altar of Yredelemnul.
   339 | D        | Found a glowing golden altar of the Shining One.
   339 | D        | Found a snail-covered altar of Cheibriados.
   339 | D        | Found a sacrificial altar of Ru.
   339 | D        | Found a glowing silver altar of Zin.
   339 | D        | Found a shadowy altar of Dithmenos.
   339 | D        | Found a white marble altar of Elyvilon.
   339 | D        | Noticed a yak
   346 | D        | Killed a yak
   347 | D        | Reached skill level 5 in Conjurations
   347 | D        | Reached skill level 1 in Hexes
   347 | D        | Reached skill level 10 in Fire Magic
   347 | D        | Reached XP level 7. HP: 41/41 MP: 9/17
   349 | D        | Found an opulent altar of Gozag.
   350 | D        | Found a sparkling altar of Nemelex Xobeh.
   354 | D        | Bought a scroll of fear for 52 gold pieces
   407 | D        | Noticed Sonja
   409 | D        | Killed Sonja
   409 | D        | Reached * piety under Sif Muna
   410 | D        | Reached skill level 5 in Dodging
   410 | D        | Reached XP level 8. HP: 46/46 MP: 9/20
   525 | D        | Found Aryolea's Book Boutique.
   547 | D        | Noticed a deep troll
   558 | D        | Killed a deep troll
   572 | D        | Found Piofeim's Armour Emporium.
   634 | D        | Found a burning altar of Makhleb.
   634 | D        | Found a viscous altar of Jiyva.
   634 | D        | Found a shimmering altar of Xom.
   634 | D        | Found a corrupted altar of Lugonu.
   634 | D        | Noticed a slime creature
   639 | D        | Killed a slime creature
   640 | D        | Reached XP level 9. HP: 33/51 MP: 12/22
   717 | D        | Noticed a kobold demonologist
   719 | D        | Noticed a hellwing
   719 | D        | Noticed a kobold demonologist
   720 | D        | Reached ** piety under Sif Muna
   721 | D        | Reached skill level 10 in Spellcasting
   724 | D        | Killed a kobold demonologist
   725 | D        | Reached skill level 5 in Invocations
   726 | D        | Killed a kobold demonologist
   727 | D        | Reached skill level 1 in Throwing
   815 | D        | Noticed a demonic crawler
   815 | D        | Noticed a demonic crawler
   815 | D        | Noticed a demonic crawler
   815 | D        | Noticed a demonic crawler
   871 | D        | Bought a book of Callings for 240 gold pieces
   876 | D        | Learned a level 3 spell: Summon Guardian Golem
   880 | D        | Learned a level 3 spell: Call Canine Familiar
   890 | D        | Noticed a shining eye
   890 | D        | Noticed a shining eye
   890 | D        | Noticed a shining eye
   893 | D        | Reached skill level 1 in Summonings
   904 | D        | Killed a shining eye
   904 | D        | Reached *** piety under Sif Muna
   904 | D        | Killed a shining eye
  1022 | D        | Noticed a shining eye
  1022 | D        | Noticed a shining eye
  1032 | D        | Killed a shining eye
  1033 | D        | Reached XP level 10. HP: 56/56 MP: 2/25
  1035 | D        | Noticed a shining eye
  1038 | D        | Killed a shining eye
  1038 | D        | Killed a shining eye
  1038 | D        | Reached **** piety under Sif Muna
  1040 | D        | Noticed a shining eye
  1179 | D        | Killed a shining eye
  1180 | D        | Reached skill level 5 in Summonings
  1180 | D        | Reached skill level 15 in Fire Magic
  1182 | D        | Reached ***** piety under Sif Muna
  1341 | D        | Noticed a shining eye
  1348 | D        | Killed a shining eye
  1348 | D        | Received a gift from Sif Muna
  1357 | D        | Killed a shining eye
  1459 | D        | Got Sif Muna's Annotations on the Tektite and Violence {god
                  | gift}
  1469 | D        | Found Daiqewko's Jewellery Shoppe.
  1469 | D        | Found Repru's Jewellery Shop.
  1469 | D        | Found Zese's Antique Weapon Emporium.
  1469 | D        | Found Zixzanes's Armour Boutique.
  1496 | D        | Bought a warped mace for 128 gold pieces
  1496 | D        | Identified the +12 mace "Rifakh" {flame, +Blink rF+ rCorr}
                  | (You bought it in a shop in the Dungeon)
  1510 | D        | Bought a ring of wizardry for 330 gold pieces
  1516 | D        | Learned a level 3 spell: Hailstorm
  1522 | D        | Learned a level 5 spell: Fireball
  1528 | D        | Learned a level 5 spell: Arcjolt
  1534 | D        | Learned a level 5 spell: Irradiate
  1584 | D        | Noticed a centaur warrior
  1592 | D        | Killed a centaur warrior
  1593 | D        | Reached skill level 1 in Transmutations
  1593 | D        | Reached skill level 1 in Air Magic
  1593 | D        | Reached skill level 1 in Evocations
  1692 | D        | Noticed a centaur warrior
  1701 | D        | Killed a centaur warrior
  1702 | D        | Reached skill level 1 in Shields
  1702 | D        | Reached XP level 11. HP: 61/61 MP: 17/28
  1800 | D        | Noticed an oklob plant
  1805 | D        | Killed an oklob plant
  1972 | D        | Paralysed by a floating eye for 3 turns
  1988 | D        | Paralysed by a floating eye for 2 turns
  2032 | D        | Received a gift from Sif Muna
  2037 | D        | Got Sif Muna's Compendium of Lava and Bodies {god gift}
  2052 | D        | Received a gift from Sif Muna
  2078 | D        | Identified the +1 troll leather armour "Qeivudgh" {Regen+
                  | Stlth+}
  2196 | D        | Found Ofuv Tes's Distillery.
  2196 | D        | Found Ysulip's Antique Armour Shop.
  2196 | D        | Found Suleor's Magic Scroll Boutique.
  2198 | D        | Found Ceffeu's Distillery.
  2198 | D        | Found Futim's Assorted Antiques.
  2198 | D        | Found Kaits's Jewellery Shoppe.
  2198 | D        | Found Niematokk's Weapon Boutique.
  2198 | D        | Found Xopupha's General Store.
  2198 | D        | Found Cene's Book Shop.
  2198 | D        | Found Fuebb's Assorted Antiques.
  2202 | D        | Found Cufotos's Jewellery Boutique.
  2203 | D        | Found Taitioco's Magic Scroll Emporium.
  2203 | D        | Found Wayr's General Store.
  2204 | D        | Found Qerafi's Magic Scroll Emporium.
  2211 | D        | Bought a dented blue amulet for 120 gold pieces
  2221 | D        | Bought a scroll of butterflies for 48 gold pieces
  2230 | D        | Bought a ring of magical power for 240 gold pieces
  2236 | D        | Bought a runed hat for 133 gold pieces
  2353 | D        | Bought an ancient scimitar for 144 gold pieces
  2353 | D        | Identified the +8 scimitar of Gloom {holy, Str+3 Int+4
                  | Stlth+} (You bought it in a shop in the Dungeon)
  2424 | D        | Received a gift from Sif Muna
  2606 | D        | Reached skill level 10 in Invocations
  2675 | D        | Got Sif Muna's Parchment of the Discharge and the
                  | Congregation {god gift}
  2702 | D        | Noticed a lindwurm
  2711 | D        | Killed a lindwurm
  2893 | D        | Reached skill level 5 in Evocations
  2972 | D        | Received a gift from Sif Muna
  2972 | D        | Reached ****** piety under Sif Muna
  2977 | D        | Reached skill level 5 in Shields
  2977 | D        | Received a gift from Sif Muna
  2982 | D        | Reached skill level 15 in Spellcasting
  2987 | D        | Got Sif Muna's Lectures on Loathsome Bad Luck {god gift}
  3076 | D        | Noticed a 12-headed hydra
  3083 | D        | Killed a 12-headed hydra
  3257 | D        | Reached XP level 12. HP: 66/66 MP: 21/31
  3415 | D        | Bought a ring of fire for 300 gold pieces
  3456 | D        | Bought a scroll labelled JUBOAQOBUE for 33 gold pieces
  3456 | D        | Bought a scroll labelled JUBOAQOBUE for 33 gold pieces
  3456 | D        | Bought a scroll labelled JUBOAQOBUE for 33 gold pieces
  3456 | D        | Bought a scroll labelled JUBOAQOBUE for 33 gold pieces
  3459 | D        | Bought a potion of heal wounds for 50 gold pieces
  3459 | D        | Bought a potion of heal wounds for 50 gold pieces
  3461 | D        | Bought a scroll of immolation for 40 gold pieces
  3464 | D        | Bought 2 potions of haste for 200 gold pieces
  3476 | D        | Bought a +4 ring of protection for 360 gold pieces
  3479 | D        | Bought a scroll of enchant armour for 82 gold pieces
  3492 | D        | Received a gift from Sif Muna
  3496 | D        | Got Sif Muna's Directory of the Tuna {god gift}
  3504 | D        | Learned a level 6 spell: Summon Cactus Giant
  3803 | D        | Noticed a deep elf annihilator
  3809 | D        | Killed a deep elf annihilator
  3813 | D        | Noticed a mummy priest
  3819 | D        | Received a gift from Sif Muna
  3819 | D        | Killed a mummy priest
  3823 | D        | Got Sif Muna's Handbook of Electrocution {god gift}
  3874 | D        | Noticed the 27-headed Lernaean hydra
  3993 | D        | Noticed a daeva
  4383 | D        | Killed a daeva
  4503 | D        | Received a gift from Sif Muna
  4508 | D        | Got Sif Muna's Codex of Conjuration and Illusion {god gift}
  4589 | D        | Noticed a fire giant
  4599 | D        | Learned a level 6 spell: Starburst
  4605 | D        | Noticed a fire giant
  4616 | D        | Killed a fire giant
  4621 | D        | Killed a fire giant
  4622 | D        | Reached skill level 10 in Conjurations
  4623 | D        | Noticed a fire giant
  4626 | D        | Killed a fire giant
  4639 | D        | Noticed a fire giant
  4645 | D        | Killed a fire giant
  4651 | D        | Found the +4 dragonskin cloak
  4651 | D        | Noticed Tiamat
  4738 | D        | Identified the ring "Ziululus" {rN+ Str+7}
  5073 | D        | Noticed Lom Lobon
  5092 | D        | Noticed a deep elf master archer
  5267 | D        | Killed the 27-headed Lernaean hydra
  5268 | D        | Reached skill level 10 in Summonings
  5268 | D        | Reached XP level 13. HP: 71/71 MP: 21/33
  5387 | D        | Noticed a shadow dragon
  5388 | D        | Noticed a golden dragon
  5392 | D        | Killed a shadow dragon
  5394 | D        | Killed a golden dragon
  5394 | D        | Killed from afar by Lom Lobon

Illustrated notes

Levels and vault maps discovered:
D:        dungeon_sprint_1 [red_sonja_temple_1, red_sonja_temple_small_1]

Skill      XL: |  1  2  3  4  5  6  7  8  9 10 11 12 13 |
---------------+----------------------------------------+-----
Stealth        | 3 4 |  4.6
Spellcasting   | 3 4 5 6 8 9 11 13 15 16 17 | 17.0
Fire Magic     | 5 7 9 10 11 13 14 15 16 17 | 17.5
Dodging        | 3 4 5 |  5.9
Conjurations   | 4 5 7 8 10 | 10.6
Hexes          | 1 |  1.6
Invocations    | 4 7 9 11 12 13 | 13.0
Throwing       | 1 |  1.7
Summonings     | 3 6 7 10 | 10.4
Transmutations | 2 3 |  3.2
Air Magic      | 2 3 |  3.0
Evocations     | 2 6 9 |  9.5
Shields        | 1 5 8 |  8.7
Fighting       | |  0.1
Maces & Flails | |  0.1
Unarmed Combat | |  0.3

Action                     |  1- 3 |  4- 6 |  7- 9 | 10-12 | 13-15 || total
---------------------------+-------+-------+-------+-------+-------++-------
  Melee: Unarmed           |     2 |       |       |       |       ||     2
         Constrict         |     1 |       |       |     2 |       ||     3
         Tentacles         |     1 |       |       |     1 |       ||     2
         Mace              |       |       |       |     3 |       ||     3
  Throw: Dart              |       |       |     2 |       |       ||     2
   Cast: Foxfire           |     4 |     5 |     6 |    41 |     2 ||    58
         Scorch            |     1 |     7 |     8 |   104 |       ||   120
         Inner Flame       |     1 |       |    14 |    35 |       ||    50
         Flame Wave        |       |       |     3 |     8 |       ||    11
         Summon Guardian G |       |       |     2 |    25 |     2 ||    29
         Call Canine Famil |       |       |     2 |    10 |       ||    12
         Fireball          |       |       |       |    15 |       ||    15
         Hailstorm         |       |       |       |    11 |       ||    11
         Summon Cactus Gia |       |       |       |     6 |     2 ||     8
         Dragon's Call     |       |       |       |     2 |     1 ||     3
         Fire Storm        |       |       |       |       |     1 ||     1
 Invoke: Divine Exegesis   |       |       |       |     2 |     2 ||     4
         Forget Spell      |       |       |       |     2 |       ||     2
         Channel Magic     |       |       |       |       |     1 ||     1
Ability: Evoke Blink       |       |       |       |       |     1 ||     1
  Evoke: Wand              |       |       |     1 |       |       ||     1
    Use: Potion            |     1 |       |       |     1 |       ||     2
         Scroll            |       |       |     1 |     6 |     1 ||     8
 Armour: Skin              |       |       |     1 |       |       ||     1
  Dodge: Dodged            |     1 |     1 |     6 |    13 |     5 ||    26
  Block: Buckler           |       |       |       |     2 |     1 ||     3

Table legend: (Time is in decaauts)
 A = Elapsed time spent in this place.
 B = Non-inter-level travel time spent in this place.
 C = Inter-level travel time spent in this place.
 D = Time resting spent in this place.
 E = Time spent auto-exploring this place.
 F = Levels seen in this place.
 G = Mean time per level.
                   A        B        C        D        E       F      G
               +--------+--------+--------+--------+--------+-----+--------+
         Total |   5383 |   5330 |     53 |   3024 |      2 |   1 | 5383.0 |
       Dungeon |   5383 |   5330 |     53 |   3024 |      2 |   1 | 5383.0 |
               +--------+--------+--------+--------+--------+-----+--------+

Top non-repeatable levels by time:
       D: 5383 daAuts
